AoeStats
← janos.zachow

Arabia

509568267Analyzed
2v2 RM · 6d ago on Sep 27, 2026· 24m 14s· 4 players
Game mode
Random Map
Map size
Medium (4 player)
Population
200
Speed
Normal
Resources
Standard
Victory
Conquest
Starting age
Dark Age
Ending age
Imperial Age
RankedLock teamsTeams togetherTeam positionsShared explorationLock speedFull tech treeHidden civsTurbo modeCheats
Victory
Defeat
🇩🇪 Saracens · Germany
1098
+18
🇩🇪 Magyars · Germany
1095
+18
🇳🇱 Persians · Netherlands
1146
-18
🇳🇱 Magyars · Netherlands
1131
-18
janos.zachow
7:19 Loom
9:22 Feudal Age
10:22 Double-Bit Axe
15:23 Fletching
16:21 Horse Collar
18:23 Wheelbarrow
18:37 Padded Archer Armor
18:49 Gold Mining
24:26 Castle Age
22:33 Town Watch
Fluffy
6:55 Loom
9:33 Feudal Age
9:37 Man-at-Arms
14:06 Double-Bit Axe
14:58 Fletching
15:01 Horse Collar
20:36 Castle Age
19:06 Gold Mining
19:27 Scale Barding Armor
20:04 Bloodlines
21:19 Husbandry
21:29 Husbandry
21:50 Bow Saw
22:01 Heavy Plow
22:57 Town Watch
Thé Easter Bunny
6:38 Loom
6:43 Loom
9:49 Feudal Age
10:18 Double-Bit Axe
10:23 Horse Collar
16:25 Bloodlines
18:26 Town Watch
23:34 Castle Age
22:09 Padded Archer Armor
23:28 Wheelbarrow
aledm58
11:07 Feudal Age
11:35 Horse Collar
11:41 Double-Bit Axe
12:25 Loom
16:51 Fletching
25:28 Castle Age
Connection lost

Rejoining the realm…

Still unreachable

The connection could not be restored.

Session expired

The server has moved on; the page needs a fresh start.